 Dungeon Crawl Stone Soup version 0.29.0-4-gdea44cf6ec (webtiles) character file.

Game seed: 7014127293839588531

791 BuzzyBeetle the Gusty (level 7, -5/44 (51) HPs)
             Began as a Gnoll Wanderer on Aug 28, 2022.
             Slain by a wight
             ... wielding a +2 spear
              (7 damage)
             ... on level 6 of the Dungeon.
             The game lasted 00:14:45 (5184 turns).

BuzzyBeetle the Gusty (Gnoll Wanderer)              Turns: 5184, Time: 00:14:46

HP:   -5/44 (51)    AC:  7    Str: 10    XL:     7   Next: 88%
MP:   13/13         EV: 13    Int: 12    God:
Gold: 219           SH:  0    Dex: 14    Spells: 14/14 levels left

rFire   . . .      SeeInvis .   d - +6 dagger (drain)
rCold   . . .      Faith    .   (no shield)
rNeg    . . .      Spirit   .   c - +1 robe
rPois   .          Reflect  .   (no helmet)
rElec   .          Harm     .   (no cloak)
rCorr   .          Rampage  .   (no gloves)
Will    .....                   (no boots)
Stlth   ++........              (no amulet)
HPRegen 0.14/turn               e - +4 ring of protection
MPRegen 0.13/turn               (no ring)

@: hasted, heavily drained, invisible, very quick
A: fangs 1, strong nose, distributed training
a: no special abilities


You were on level 6 of the Dungeon.
You visited 1 branch of the dungeon, and saw 6 of its levels.

You collected 219 gold pieces.

Inventory:

Hand Weapons
 d - a +6 dagger of draining (weapon)
 g - a +0 sling
 u - a +2 dagger of venom
Armour
 c - a +1 robe (worn)
 n - +0 pearl dragon scales
Jewellery
 e - a +4 ring of protection (left hand)
Wands
 j - a wand of digging (4)
Scrolls
 f - a scroll of fog
 m - 3 scrolls of teleportation
 o - a scroll of magic mapping
 r - a scroll of silence
Potions
 h - a potion of magic
 k - a potion of attraction
 s - a potion of experience {unknown}
 v - a potion of mutation {unknown}


   Skills:
 + Level 2.9 Fighting
 + Level 2.9 Short Blades
 + Level 2.9 Long Blades
 + Level 2.9 Axes
 + Level 2.9 Maces & Flails
 + Level 2.9 Polearms
 + Level 2.9 Staves
 + Level 2.9 Ranged Weapons
 + Level 2.9 Throwing
 + Level 2.9 Armour
 + Level 2.9 Dodging
 + Level 3.8 Stealth
 + Level 2.9 Shields
 + Level 2.9 Unarmed Combat
 + Level 4.1 Spellcasting
 + Level 2.3 Conjurations
 + Level 4.5 Hexes
 + Level 2.3 Summonings
 + Level 2.3 Necromancy
 + Level 2.3 Translocations
 + Level 2.3 Transmutations
 + Level 2.3 Fire Magic
 + Level 2.3 Ice Magic
 + Level 7.5 Air Magic
 + Level 2.3 Earth Magic
 + Level 2.3 Poison Magic
 + Level 3.2 Invocations
 + Level 5.4 Evocations


You had 14 spell levels left.
You didn't know any spells.
Your spell library contained the following spells:

 Spells                   Type           Power      Damage    Failure   Level
 Shock                    Conj/Air       56%        1d6       3%          1
 Slow                     Hex            52%        N/A       3%          1
 Static Discharge         Conj/Air       14%        3-5/arc   4%          2
 Apportation              Tloc           16%        N/A       9%          1
 Necrotise                Necr           32%        1d5       9%          1
 Summon Small Mammal      Summ           32%        N/A       9%          1
 Confusing Touch          Hex            13%        N/A       11%         3
 Mephitic Cloud           Conj/Pois/Air  12%        N/A       12%         3


Dungeon Overview and Level Annotations

Branches:
Dungeon (6/15)             Temple (0/1) D:4

Altars:
Gozag
Nemelex Xobeh
Okawaru
Zin

Shops:
D:3 (

Annotations:
D:4 2 runed translucent doors


Innate Abilities, Weirdness & Mutations

You have very sharp teeth.
Your uncanny sense of smell can sniff out nearby items.
Your experience applies equally to all skills.


Message History

* * * LOW HITPOINT WARNING * * *
You hit the wight but do no damage. You bite the wight, but do no damage.
The wight is heavily damaged.
The wight hits you but does no damage.
The wight hits you from afar with a +0 halberd.
* * * LOW HITPOINT WARNING * * *
You feel drained.
* * * LOW HITPOINT WARNING * * *
You feel yourself speed up. The wight hits you but does no damage.
The wight closely misses you.
You feel better.
You feel better. The wight closely misses you.
The wight hits you from afar with a +0 halberd.
You feel drained.
You hit the wight.
The wight is heavily damaged.
You hit the wight.
The wight is almost destroyed.
The wight hits you with a +0 scimitar!
* * * LOW HITPOINT WARNING * * *
You feel drained.
* * * LOW HITPOINT WARNING * * *
The wight barely misses you.
You closely miss the wight. Your bite misses the wight.
The wight is almost destroyed.
The wight hits you with a +0 scimitar.
* * * LOW HITPOINT WARNING * * *
The wight closely misses you.
You barely miss the wight. You bite the wight.
You destroy the wight!
The wight misses you. The wight hits you with a +0 halberd!
* * * LOW HITPOINT WARNING * * *
Things that are here:
a +0 scimitar; a +0 robe You hit the wight but do no damage.
The wight is lightly damaged.
It was a potion of invisibility.
You fade into invisibility!
The wight hits you from afar with a +2 spear!
You die...

..# #.#
#.#
#####<###
#.......#
#.###.#.#
#.# #.#.#
#.# #.#.#
#@# #...#
#z####..#
#z......#
###.##.##
####...#.#
+........#
####...#.#
∆ ##.##.#
####.#


You could see 2 wights.

Vanquished Creatures
  Prince Ribbit (D:5)
  An ice beast (D:5)
  A black bear (D:5)
  A necrophage (D:4)
  A scorpion (D:5)
  A wight (D:6)
  A hound (D:5)
  3 iguanas (D:5)
  3 gnolls (D:2)
  5 adders
  A white imp (D:5)
  An ufetubus (D:4)
  2 worms
  4 orcs
  5 bats
  5 endoplasms
  3 giant cockroaches
  11 goblins
  3 hobgoblins
  7 kobolds
  6 quokkas
  7 ball pythons
  4 frilled lizards
  2 rats (D:2)
79 creatures vanquished.

Notes
Turn   | Place    | Note
-------+----------+-------------------------------------------
     0 | D:1      | BuzzyBeetle the Gnoll Wanderer began the quest for the Orb.
     0 | D:1      | BuzzyBeetle set off with the following items: a +0 dagger,
                  | a potion of haste, a +0 robe, a wand of flame (4); and the
                  | following spells available to memorise: Shock, Slow, Static
                  | Discharge, Confusing Touch, Mephitic Cloud.
     0 | D:1      | Reached XP level 1. HP: 13/13 MP: 4/4
   337 | D:1      | Found a faded altar of an unknown god.
   582 | D:1      | Reached XP level 2. HP: 19/19 MP: 5/5
  1441 | D:2      | Reached XP level 3. HP: 11/25 MP: 7/7
  1456 | D:2      | Reached skill level 1 in Invocations
  1459 | D:2      | Reached skill level 1 in Fighting
  1459 | D:2      | Reached skill level 1 in Short Blades
  1459 | D:2      | Reached skill level 1 in Long Blades
  1459 | D:2      | Reached skill level 1 in Axes
  1459 | D:2      | Reached skill level 1 in Maces & Flails
  1459 | D:2      | Reached skill level 1 in Polearms
  1459 | D:2      | Reached skill level 1 in Staves
  1459 | D:2      | Reached skill level 1 in Ranged Weapons
  1459 | D:2      | Reached skill level 1 in Throwing
  1459 | D:2      | Reached skill level 1 in Armour
  1459 | D:2      | Reached skill level 1 in Dodging
  1459 | D:2      | Reached skill level 1 in Shields
  1459 | D:2      | Reached skill level 1 in Unarmed Combat
  1810 | D:2      | Reached XP level 4. HP: 32/32 MP: 8/8
  2769 | D:3      | Reached skill level 1 in Conjurations
  2769 | D:3      | Reached skill level 1 in Summonings
  2769 | D:3      | Reached skill level 1 in Necromancy
  2769 | D:3      | Reached skill level 1 in Translocations
  2769 | D:3      | Reached skill level 1 in Transmutations
  2769 | D:3      | Reached skill level 1 in Fire Magic
  2769 | D:3      | Reached skill level 1 in Ice Magic
  2769 | D:3      | Reached skill level 1 in Earth Magic
  2769 | D:3      | Reached skill level 1 in Poison Magic
  3004 | D:3      | Found Qoplos's Antique Weapon Emporium.
  3127 | D:4      | Found a large runed translucent door.
  3127 | D:4      | Found a large runed translucent door.
  3314 | D:4      | Noticed a necrophage
  3343 | D:4      | Killed a necrophage
  3344 | D:4      | Reached XP level 5. HP: 24/37 MP: 9/9
  3451 | D:4      | Found a staircase to the Ecumenical Temple.
  3711 | D:4      | Found a sparkling altar of Nemelex Xobeh.
  3711 | D:4      | Found an opulent altar of Gozag.
  3766 | D:4      | Found a glowing silver altar of Zin.
  3895 | D:5      | Entered Level 5 of the Dungeon
  3895 | D:5      | Noticed an ice beast
  3909 | D:5      | Noticed Prince Ribbit
  3949 | D:5      | Reached skill level 5 in Evocations
  3949 | D:5      | Reached XP level 6. HP: 44/44 MP: 9/11
  3988 | D:5      | Noticed a black bear
  4020 | D:5      | Found an iron altar of Okawaru.
  4410 | D:5      | Killed Prince Ribbit
  4411 | D:5      | Reached XP level 7. HP: 21/51 MP: 12/12
  5182 | D:6      | HP: 1/44 [wight/+0 halberd (7)]
  5184 | D:6      | Slain by a wight

Illustrated notes

Levels and vault maps discovered:
D:1:      minmay_arrival_floating_metal, layout_loops_ring,
          shapermc_ecumenical_altar_mp_urbaneastern
D:2:      layout_basic
D:3:      layout_basic, serial_shops, shop, reono_crystal_passage
D:4:      layout_cave_pools, grunt_temple_overflow_opulence, zin_treasury,
          jmf_multi_god_temple2, minmay_temple_entry_trees, st_stairs_8
D:5:      layout_rooms, mainiacjoe_overflow_six_doors_small, eino_curves_03,
          uniq_prince_ribbit1
D:6:      layout_loops_corners, nicolae_overflow_two_pavilions

Skill      XL: |  1  2  3  4  5  6  7 |
---------------+----------------------+-----
Invocations    | 1 2 3 |  3.2
Fighting       | 1 2 |  2.9
Short Blades   | 1 2 |  2.9
Long Blades    | 1 2 |  2.9
Axes           | 1 2 |  2.9
Maces & Flails | 1 2 |  2.9
Polearms       | 1 2 |  2.9
Staves         | 1 2 |  2.9
Ranged Weapons | 1 2 |  2.9
Throwing       | 1 2 |  2.9
Armour         | 1 2 |  2.9
Dodging        | 1 2 |  2.9
Shields        | 1 2 |  2.9
Unarmed Combat | 1 2 |  2.9
Spellcasting   | 3 4 |  4.1
Conjurations   | 1 2 |  2.3
Summonings     | 1 2 |  2.3
Necromancy     | 1 2 |  2.3
Translocations | 1 2 |  2.3
Transmutations | 1 2 |  2.3
Fire Magic     | 1 2 |  2.3
Ice Magic      | 1 2 |  2.3
Earth Magic    | 1 2 |  2.3
Poison Magic   | 1 2 |  2.3
Hexes          | 4 |  4.5
Stealth        | 3 |  3.8
Evocations     | 5 |  5.4
Air Magic      | |  7.5

Action                   |  1- 3 |  4- 6 |  7- 9 || total
-------------------------+-------+-------+-------++-------
Melee: Dagger            |   101 |   154 |    35 ||   290
       Bite              |    12 |    12 |     5 ||    29
       Punch             |     2 |     1 |     1 ||     4
 Fire: Sling             |    17 |       |       ||    17
Evoke: Wand              |     4 |       |       ||     4
  Use: Potion            |     6 |       |     4 ||    10
       Scroll            |       |    11 |     2 ||    13
 Stab: Sleeping          |     5 |     4 |       ||     9
       Distracted        |       |     1 |       ||     1
Armor: Robe              |    44 |    50 |     8 ||   102
Dodge: Dodged            |    58 |   109 |    15 ||   182
